 Dungeon Crawl Stone Soup version 0.29.1-15-g9cfb28693d (webtiles) character file.

Game seed: 11399925957418946329

84 Atelerd the Digger (level 4, -3/27 HPs)
             Began as an Octopode Earth Elementalist on May 1, 2023.
             Slain by a black bear (4 damage)
             ... on level 4 of the Dungeon.
             The game lasted 00:01:00 (1378 turns).

Atelerd the Digger (Octopode Earth Elementalist)    Turns: 1378, Time: 00:01:01

Health: -3/27      AC:  1    Str:  7    XL:     4   Next: 46%
Magic:  7/8        EV: 13    Int: 19    God:
Gold:   125        SH:  0    Dex: 12    Spells: 3/8 levels left

rFire   . . .      SeeInvis .   e - +0 spear
rCold   . . .      Faith    .   (no shield)
rNeg    . . .      Spirit   .   (helmet restricted)
rPois   .          Reflect  .   (no amulet)
rElec   .          Harm     .   (no ring)
rCorr   .          Rampage  .   (no ring)
Will    .....                   (no ring)
Stlth   +++.......              (no ring)
HPRegen 0.09/turn               (no ring)
MPRegen 0.11/turn               (no ring)
                                (no ring)
                                (no ring)

@: no status effects
A: almost no armour, amphibious, 8 rings, camouflage 1, gelatinous body 1,
(nimble swimmer 1), tentacles
a: no special abilities


You were on level 4 of the Dungeon.
You visited 1 branch of the dungeon, and saw 3 of its levels.

You collected 125 gold pieces.

Inventory:

Hand Weapons
 e - a +0 spear (weapon)
Scrolls
 b - 2 scrolls of magic mapping {unknown}
 c - a scroll of blinking {unknown}
 f - a scroll of enchant weapon {unknown}
Potions
 a - a potion of magic
 d - a potion of curing {unknown}
 g - 2 potions of heal wounds {unknown}


   Skills:
 + Level 0.1 Fighting
 + Level 0.1 Polearms
 - Level 2.0 Dodging
 - Level 2.6 Stealth
 + Level 0.8 Unarmed Combat
 + Level 2.9 Spellcasting
 * Level 1.7 Transmutations
 - Level 4.0 Earth Magic


You had 3 spell levels left.
You knew the following spells:

 Your Spells              Type           Power      Damage    Failure   Level
a - Sandblast             Erth           34%        2d9       3%          1
p - Petrify               Tmut/Erth      13%        N/A       43%         4

Your spell library contained the following spells:

 Spells                   Type           Power      Damage    Failure   Level
 Passwall                 Tmut/Erth      10%        N/A       7%          2
 Stone Arrow              Conj/Erth      20%        3d8       21%         3


Dungeon Overview and Level Annotations

Branches:
Dungeon (2/15)

Altars:


Innate Abilities, Weirdness & Mutations

You cannot wear most types of armour.
You are amphibious.
You can wear up to eight rings at the same time.
Your skin changes colour to match your surroundings (Stealth+).
Your rubbery body absorbs attacks. (AC +1, EV +1)
((You are camouflaged when in or above water. (Stealth+)))
You have tentacles for arms and can constrict up to eight enemies at once.


Message History

The blast of sand hits the adder.
You kill the adder!
You can't see any susceptible monsters within range! (Use Z to cast anyway.)
You can't see any susceptible monsters within range! (Use Z to cast anyway.)
An endoplasm comes into view.
An endoplasm is nearby!
An endoplasm is nearby!
An endoplasm is nearby!
An endoplasm is nearby!
A black bear comes into view.
The black bear growls angrily.
You can't see any susceptible monsters within range! (Use Z to cast anyway.)
A giant cockroach comes into view.
The blast of sand misses the black bear.
The endoplasm quivers.
The blast of sand hits the black bear!
The black bear is moderately wounded.
The black bear bites you. The black bear barely misses you. x3
The black bear closely misses you. x2
You hit the black bear. Your grab misses the black bear.
You tentacle-slap the black bear.
The black bear is moderately wounded.
The black bear bites you! The black bear claws you.
The black bear closely misses you. The endoplasm freezes you.
You are frozen.
* * * LOW HITPOINT WARNING * * *
The giant cockroach closely misses you. The endoplasm attacks as you move away!
The endoplasm closely misses you. The giant cockroach bites you.
* * * LOW HITPOINT WARNING * * *
The black bear attacks as you move away!
The black bear bites you.
* * * LOW HITPOINT WARNING * * *
The black bear closely misses you.
The black bear claws you but does no damage.
You see here 8 stones.
The black bear attacks as you move away!
The black bear barely misses you. The black bear claws you.
You die...

.....###
......###
.......# #.
#......## #.
#........ #.#
#......## #[#
#J....... .. #.
#.# #Bh####..
.##.##.####@.####
.
...##..........#
. ..##..#..#....#
..
#.##..........#
...
##.##.#.#####.##
....##...#.#.#
#.# #.......#.#
#.# #.#.).###.#
#.# ##.## #.# #.#


You could see a black bear, an endoplasm and a giant cockroach.

Vanquished Creatures
  A hound (D:4)
  3 adders
  An orc (D:4)
  2 bats (D:1)
  4 endoplasms (D:1)
  A giant cockroach (D:1)
  2 hobgoblins (D:1)
  A quokka (D:4)
  3 ball pythons
  2 frilled lizards (D:1)
  2 goblins
  3 kobolds
  3 rats (D:1)
28 creatures vanquished.

Notes
Turn   | Place    | Note
-------+----------+-------------------------------------------
     0 | D:1      | Atelerd the Octopode Earth Elementalist began the quest for
                  | the Orb.
     0 | D:1      | Reached XP level 1. HP: 11/11 MP: 3/3
   213 | D:1      | Reached XP level 2. HP: 17/17 MP: 3/5
   290 | D:1      | Found a faded altar of an unknown god.
   893 | D:2      | Reached skill level 4 in Earth Magic
   893 | D:2      | Reached XP level 3. HP: 16/21 MP: 3/6
  1085 | D:2      | You fall into a shaft and drop 2 floors!
  1196 | D:4      | Reached XP level 4. HP: 15/27 MP: 3/8
  1209 | D:4      | Learned a level 4 spell: Petrify
  1368 | D:4      | Noticed a black bear
  1375 | D:4      | HP: 1/27 [black bear (5)]
  1378 | D:4      | Slain by a black bear

Illustrated notes

Levels and vault maps discovered:
D:1:      saegor_arrival_simple_d, layout_rooms,
          shapermc_ecumenical_altar_notcrosses
D:2:      layout_basic, solitary_fountain, nicolae_elevator_lobby_plus
D:4:      layout_loops_ring, nicolae_wu_jian_wuxing_cycle

Skill      XL: |  1  2 |
---------------+-------+-----
Earth Magic    | 4 |  4.0
Fighting       | |  0.1
Polearms       | |  0.1
Dodging        | |  2.0
Stealth        | |  2.6
Unarmed Combat | |  0.8
Spellcasting   | |  2.9
Transmutations | |  1.7

Action                   |  1- 3 |  4- 6 || total
-------------------------+-------+-------++-------
Melee: Unarmed           |     9 |       ||     9
       Tentacles         |     2 |       ||     2
       Spear             |     1 |     1 ||     2
       Constrict         |     1 |       ||     1
       Punch             |       |     1 ||     1
 Cast: Sandblast         |    30 |     7 ||    37
 Stab: Sleeping          |     1 |       ||     1
Armor: Skin              |     2 |     1 ||     3
Dodge: Dodged            |    19 |    12 ||    31
